 Dungeon Crawl Stone Soup version 0.21-a0-352-g5b8f553 (webtiles) character file.

305 tidbits the Protected (level 6, -5/47 HPs)
             Began as a Gnoll Wanderer on Oct 10, 2017.
             Was an Initiate of Makhleb.
             Slain by a centaur (9 damage)
             ... on level 5 of the Dungeon.
             The game lasted 00:06:15 (800 turns).

tidbits the Protected (Gnoll Wanderer)               Turns: 800, Time: 00:06:16

Health: -5/47      AC:  9    Str: 15    XL:     6   Next: 39%
Magic:  9/9        EV: 11    Int: 17    God:    Makhleb [......]
Gold:   110        SH:  0    Dex: 13    Spells: 8/8 levels left

rFire    . . .     SeeInvis .   a - +2 hand axe
rCold    + . .     Gourm    .   (no shield)
rNeg     . . .     Faith    .   B - +0 ring mail
rPois    .         Spirit   .   (no helmet)
rElec    .         Reflect  .   (no cloak)
rCorr    +         Harm     +   (no gloves)
MR       ++...                  F - +1 pair of boots
Stlth    +.........             r - amulet of harm
HPRegen  0.15/turn              h - ring of protection from cold
MPRegen  0.11/turn              q - ring of resist corrosion

@: no status effects
A: distributed training, fangs 1, high mp 1, magic resistance 2, strong nose
a: Renounce Religion


You were on level 5 of the Dungeon.
You worshipped Makhleb.
Makhleb was noncommittal.
You were not hungry.

You visited 1 branch of the dungeon, and saw 5 of its levels.

You collected 110 gold pieces.

Inventory:

Hand Weapons
 a - a +2 hand axe (weapon)
 u - a +4 flail of protection
   (You took it off Edmund on level 5 of the Dungeon)
Missiles
 j - 45 arrows
Armour
 k - a +0 pair of boots
 v - a +0 scale mail
 B - a +0 ring mail (worn)
 F - a +1 pair of boots (worn)
Jewellery
 h - a ring of protection from cold (left hand)
   (You found it on level 1 of the Dungeon)
 q - a ring of resist corrosion (right hand)
   (You found it on level 2 of the Dungeon)
 r - an amulet of harm (around neck)
   (You found it on level 3 of the Dungeon)
Wands
 t - a wand of lightning (0/15)
Scrolls
 c - a scroll of noise
 e - a scroll of identify
 f - a scroll of teleportation {unknown}
 g - a scroll of remove curse {unknown}
 l - 2 scrolls of amnesia
 m - a scroll of immolation {unknown}
 n - a scroll of blinking {unknown}
 o - a scroll of magic mapping {unknown}
Potions
 i - a potion of brilliance
 s - a potion of might
Comestibles
 d - 3 bread rations
 p - a meat ration
 w - 3 chunks of flesh


   Skills:
 + Level 3.2 Fighting
 + Level 1.9 Short Blades
 + Level 1.9 Long Blades
 + Level 6.8 Axes
 + Level 1.9 Maces & Flails
 + Level 1.9 Polearms
 + Level 1.9 Staves
 + Level 1.9 Slings
 + Level 1.9 Bows
 + Level 1.9 Crossbows
 + Level 3.2 Throwing
 + Level 8.7 Armour
 + Level 1.9 Dodging
 + Level 1.9 Stealth
 + Level 3.2 Shields
 + Level 1.9 Unarmed Combat
 + Level 1.9 Spellcasting
 + Level 1.9 Conjurations
 + Level 1.9 Hexes
 + Level 1.9 Charms
 + Level 1.9 Summonings
 + Level 1.9 Necromancy
 + Level 1.9 Translocations
 + Level 1.9 Transmutations
 + Level 1.9 Fire Magic
 + Level 1.9 Ice Magic
 + Level 1.9 Air Magic
 + Level 1.9 Earth Magic
 + Level 1.9 Poison Magic
 + Level 1.9 Invocations
 + Level 1.9 Evocations


You had 8 spell levels left.
You didn't know any spells.

Dungeon Overview and Level Annotations

Branches:
Dungeon (5/15)
 Temple: D:4-7

Altars:
Makhleb
Uskayaw


Innate Abilities, Weirdness & Mutations

Your experience applies equally to all skills.
You have very sharp teeth.
Your uncanny sense of smell can sniff out nearby items.
You have an increased reservoir of magic. (+10% MP)
You are highly resistant to hostile enchantments. (MR++)


Message History

The worker ant bites you but does no damage. x2
You closely miss the worker ant.
The worker ant is heavily wounded.
The worker ant bites you but does no damage.
You hit the worker ant. Your bite misses the worker ant.
The worker ant is severely wounded.
The worker ant bites you but does no damage.
You hit the worker ant but do no damage.
The worker ant is severely wounded.
The worker ant bites you.
* * * LOW HITPOINT WARNING * * *
Your ring mail prevents you from hitting the worker ant.
The worker ant is severely wounded.
You closely miss the worker ant. The worker ant barely misses you.
The worker ant bites you but does no damage.
You hit the worker ant but do no damage. x2
The worker ant bites you but does no damage.
The worker ant closely misses you.
You hit the worker ant.
The worker ant is lightly wounded.
You closely miss the worker ant. The worker ant barely misses you. x3
You barely miss the worker ant.
The worker ant is lightly wounded.
You barely miss the worker ant.
The worker ant bites you but does no damage. x2
You hit the worker ant.
The worker ant is almost dead.
You hit the worker ant. The worker ant barely misses you.
The worker ant bites you.
* * * LOW HITPOINT WARNING * * *
You are poisoned.
The worker ant poisons you! The worker ant closely misses you.
You feel better.
The worker ant bites you but does no damage.
The worker ant barely misses you.
You slash the worker ant!
You kill the worker ant!
Makhleb accepts your kill.
You closely miss the worker ant.
The worker ant bites you but does no damage.
You hit the worker ant.
The worker ant is heavily wounded.
The worker ant bites you but does no damage.
You closely miss the worker ant.
The worker ant is heavily wounded.
The worker ant bites you.
* * * LOW HITPOINT WARNING * * *
Your ring mail prevents you from hitting the worker ant.
The worker ant is heavily wounded.
The worker ant barely misses you.
You barely miss the worker ant.
The worker ant is heavily wounded.
The worker ant bites you but does no damage. x2
You hit the worker ant.
The worker ant is severely wounded.
The worker ant bites you.
* * * LOW HITPOINT WARNING * * *
You hit the worker ant.
The worker ant is almost dead.
The worker ant closely misses you.
You closely miss the worker ant.
The worker ant is almost dead.
The worker ant waves its antennae.
The worker ant bites you.
* * * LOW HITPOINT WARNING * * *
You slash the worker ant!
You kill the worker ant!
Makhleb accepts your kill.
A centaur comes into view.
The centaur shouts!
The centaur barely misses you.
You see here 2 throwing nets {!f}.
You hit the centaur. You bite the centaur, but do no damage.
The centaur is moderately wounded.
The centaur barely misses you.
You closely miss the centaur.
The centaur is moderately wounded.
The centaur barely misses you. The centaur hits you.
* * * LOW HITPOINT WARNING * * *
You barely miss the centaur.
The centaur is moderately wounded.
The centaur hits you.
* * * LOW HITPOINT WARNING * * *
Your ring mail prevents you from hitting the centaur.
The centaur is moderately wounded.
The centaur closely misses you. The centaur misses you.
You hit the centaur but do no damage.
The centaur is moderately wounded.
The centaur hits you.
* * * LOW HITPOINT WARNING * * *
You hit the centaur.
The centaur is moderately wounded.
The centaur hits you.
* * * LOW HITPOINT WARNING * * *
You hit the centaur but do no damage.
The centaur is moderately wounded.
The centaur hits you.
* * * LOW HITPOINT WARNING * * *
The centaur hits you!
You die...

# #..##.# #
...##.####..##.# # ...
#........#.# #
#..)...###...#.# #
#>?....+.....#.# #
#.#....###...#.# #
#.#....# #.....###
#c#....# #..##....
#@+....# #..##.###
#.#....###..##.# #
#...........##.# #
########.......##.###.#
#
...............##...#.#
#
..###....#####.##.#.#.#
#.............#.#.#
####...########.#.#.#
...................#.#


You could see a centaur.

Vanquished Creatures
  Edmund (D:5)
  Terence (D:2)
  An iguana (D:5)
  2 worker ants (D:5)
  5 adders
  A worm (D:2)
  2 dart slugs
  3 leopard geckos
  A giant cockroach (D:1)
  3 goblins
  A hobgoblin (D:2)
  9 jackals
  A frilled lizard (D:2)
  6 kobolds
  2 rats
39 creatures vanquished.

Notes
Turn   | Place    | Note
-------+----------+-------------------------------------------
     0 | D:1      | tidbits the Gnoll Wanderer began the quest for the Orb.
     0 | D:1      | tidbits set off with: a +2 hand axe, a potion of curing, a +0 ring mail, a bread ration
     0 | D:1      | Reached XP level 1. HP: 17/17 MP: 1/1
    73 | D:2      | Reached XP level 2. HP: 17/23 MP: 2/2
   313 | D:1      | Reached XP level 3. HP: 27/28 MP: 3/3
   354 | D:2      | Noticed Terence
   366 | D:2      | Killed Terence
   366 | D:2      | Reached skill level 1 in Short Blades
   366 | D:2      | Reached skill level 1 in Long Blades
   366 | D:2      | Reached skill level 1 in Maces & Flails
   366 | D:2      | Reached skill level 1 in Polearms
   366 | D:2      | Reached skill level 1 in Staves
   366 | D:2      | Reached skill level 1 in Slings
   366 | D:2      | Reached skill level 1 in Bows
   366 | D:2      | Reached skill level 1 in Crossbows
   366 | D:2      | Reached skill level 1 in Dodging
   366 | D:2      | Reached skill level 1 in Stealth
   366 | D:2      | Reached skill level 1 in Unarmed Combat
   366 | D:2      | Reached skill level 1 in Spellcasting
   366 | D:2      | Reached skill level 1 in Conjurations
   366 | D:2      | Reached skill level 1 in Hexes
   366 | D:2      | Reached skill level 1 in Charms
   366 | D:2      | Reached skill level 1 in Summonings
   366 | D:2      | Reached skill level 1 in Necromancy
   366 | D:2      | Reached skill level 1 in Translocations
   366 | D:2      | Reached skill level 1 in Transmutations
   366 | D:2      | Reached skill level 1 in Fire Magic
   366 | D:2      | Reached skill level 1 in Ice Magic
   366 | D:2      | Reached skill level 1 in Air Magic
   366 | D:2      | Reached skill level 1 in Earth Magic
   366 | D:2      | Reached skill level 1 in Poison Magic
   366 | D:2      | Reached skill level 1 in Invocations
   366 | D:2      | Reached skill level 1 in Evocations
   366 | D:2      | Reached XP level 4. HP: 23/34 MP: 3/5
   380 | D:2      | Found a burning altar of Makhleb.
   385 | D:2      | Became a worshipper of Makhleb the Destroyer
   458 | D:2      | Gained mutation: You have an increased reservoir of magic. (+10% MP) [potion of mutation]
   458 | D:2      | Gained mutation: You are resistant to hostile enchantments. (MR+) [potion of mutation]
   458 | D:2      | Gained mutation: You are highly resistant to hostile enchantments. (MR++) [potion of mutation]
   476 | D:3      | Found a hide-covered altar of Uskayaw.
   476 | D:3      | Noticed a dagger
   476 | D:3      | Noticed a hand axe
   562 | D:5      | Entered Level 5 of the Dungeon
   593 | D:5      | Reached XP level 5. HP: 26/40 MP: 7/7
   686 | D:5      | Noticed Edmund
   732 | D:5      | HP: 4/40 [Edmund/flail of protection (7)]
   734 | D:5      | Killed Edmund
   734 | D:5      | Reached skill level 3 in Fighting
   734 | D:5      | Reached skill level 3 in Throwing
   734 | D:5      | Reached skill level 3 in Shields
   734 | D:5      | Reached XP level 6. HP: 5/47 MP: 7/9
   800 | D:5      | HP: 4/47 [centaur (2)]
   800 | D:5      | Slain by a centaur

Vault maps used:
D:1:      onia_arrival_pentagram
D:2:      lemuel_doored_altar, first_bread, uniq_terence
D:3:      dancing_weapons_uskayaw, portal_sewer_entry_b, serial_forest,
          infiniplex_forest_clump_double, infiniplex_forest_straight_3,
          infiniplex_forest_lined_corner, infiniplex_forest_clump_long,
          infiniplex_forest_straight_3, infiniplex_forest_lined_ring,
          minivault_5, nicolae_gozag_cash_rules_everything_around_me
D:4:      gammafunk_temple_overflow_claw, uniq_menkaure
D:5:      grunt_ministairs_3, kennysheep_small_spiral, st_stairs_8,
          makhleb_blood_cavern_becter, uniq_duvessa, uniq_edmund

Skill      XL: |  1  2  3  4  5 |
---------------+----------------+-----
Short Blades   | 1 |  1.9
Long Blades    | 1 |  1.9
Maces & Flails | 1 |  1.9
Polearms       | 1 |  1.9
Staves         | 1 |  1.9
Slings         | 1 |  1.9
Bows           | 1 |  1.9
Crossbows      | 1 |  1.9
Dodging        | 1 |  1.9
Stealth        | 1 |  1.9
Unarmed Combat | 1 |  1.9
Spellcasting   | 1 |  1.9
Conjurations   | 1 |  1.9
Hexes          | 1 |  1.9
Charms         | 1 |  1.9
Summonings     | 1 |  1.9
Necromancy     | 1 |  1.9
Translocations | 1 |  1.9
Transmutations | 1 |  1.9
Fire Magic     | 1 |  1.9
Ice Magic      | 1 |  1.9
Air Magic      | 1 |  1.9
Earth Magic    | 1 |  1.9
Poison Magic   | 1 |  1.9
Invocations    | 1 |  1.9
Evocations     | 1 |  1.9
Fighting       | 3 |  3.2
Throwing       | 3 |  3.2
Shields        | 3 |  3.2
Axes           | |  6.8
Armour         | |  8.7

Action                   |  1- 3 |  4- 6 || total
-------------------------+-------+-------++-------
Melee: Hand axe          |    49 |    74 ||   123
       Punch             |     2 |       ||     2
       Bite              |     1 |     6 ||     7
Evoke: Wand              |       |     4 ||     4
  Use: Potion            |     1 |     2 ||     3
       Scroll            |       |     4 ||     4
Armor: Ring mail         |    26 |    30 ||    56
Dodge: Dodged            |    32 |    33 ||    65

Table legend:
 A = Spawn XP
 B = Non-spawn XP
 C = Spawn XP percentage of total XP
 D = Spawn monster count
 E = Non-spawn monster count
 F = Spawn count percentage of total count
 G = Total turns spent on level
                    A         B        C        D         E        F      G
               +---------+---------+-------+---------+---------+-------+---------
         Total |       0 |     436 |   0.0 |       0 |      39 |   0.0 |   800
               +---------+---------+-------+---------+---------+-------+---------
           D:1 |       0 |      23 |   0.0 |       0 |      12 |   0.0 |   303
           D:2 |       0 |      98 |   0.0 |       0 |      19 |   0.0 |   173
           D:3 |       0 |      30 |   0.0 |       0 |       3 |   0.0 |    77
           D:5 |       0 |     285 |   0.0 |       0 |       5 |   0.0 |   238
               +---------+---------+-------+---------+---------+-------+---------

Table legend:
 A = Turns spent in this place as a percentage of turns spent in the entire game.
 B = Non-inter-level travel turns spent in this place as a percentage of non-inter-level travel turns spent in the entire game.
 C = Inter-level travel turns spent in this place as a percentage of turns spent in this place.
 D = Turns resting spent in this place as a percentage of non-inter-level travel turns spent in this place.
 E = Turns spent auto-exploring this place as a percentage of non-inter-level travel turns spent in this place.
 F = Non-inter-level travel turns spent in this place divided by the number of levels of this place that you've seen.
                   A       B       C       D       E      F
               +-------+-------+-------+-------+-------+----------------------
         Total | 100.0 | 100.0 |   0.0 |   0.0 |   0.0 | 160.0
       Dungeon | 100.0 | 100.0 |   0.0 |   0.0 |   0.0 | 160.0
               +-------+-------+-------+-------+-------+----------------------

Table legend:
 A = Kills in this place as a percentage of kills in entire the game.
 B = Kills by you in this place as a percentage of kills by you in the entire game.
 C = Kills by friends in this place as a percentage of kills by friends in the entire game.
 D = Other kills in this place as a percentage of other kills in the entire game.
 E = Experience gained in this place as a percentage of experience gained in the entire game.
 F = Experience gained in this place divided by the number of levels of this place that you have seen.
                   A       B       C       D       E      F
               +-------+-------+-------+-------+-------+----------------------
         Total | 100.0 | 100.0 |   N/A |   N/A | 100.0 |  87.2
       Dungeon | 100.0 | 100.0 |   N/A |   N/A | 100.0 |  87.2
               +-------+-------+-------+-------+-------+----------------------

Vault maps used:
D:1:      onia_arrival_pentagram
D:2:      lemuel_doored_altar, first_bread, uniq_terence
D:3:      dancing_weapons_uskayaw, portal_sewer_entry_b, serial_forest,
          infiniplex_forest_clump_double, infiniplex_forest_straight_3,
          infiniplex_forest_lined_corner, infiniplex_forest_clump_long,
          infiniplex_forest_straight_3, infiniplex_forest_lined_ring,
          minivault_5, nicolae_gozag_cash_rules_everything_around_me
D:4:      gammafunk_temple_overflow_claw, uniq_menkaure
D:5:      grunt_ministairs_3, kennysheep_small_spiral, st_stairs_8,
          makhleb_blood_cavern_becter, uniq_duvessa, uniq_edmund
